 Dungeon Crawl Stone Soup version 0.29.1-15-g9cfb28693d (webtiles) character file.

Game seed: 11903492340947384784

303818 Peloso the Minotaur Blade (level 20, -3/195 HPs)
             Began as a Minotaur Fighter on Apr 29, 2023.
             Was the Champion of Okawaru.
             Slain by a salamander
             ... wielding a +0 spear
              (6 damage)
             ... on level 3 of the Snake Pit on Apr 30, 2023.
             The game lasted 02:08:39 (39000 turns).

Peloso the Minotaur Blade (Minotaur Fighter)       Turns: 39000, Time: 02:08:40

Health: -3/195     AC: 27    Str: 30    XL:     20   Next: 88%
Magic:  21/22      EV: 18    Int:  5    God:    Okawaru [******]
Gold:   2345       SH: 16    Dex: 18    Spells: 19/19 levels left

rFire   + . .      SeeInvis +   a - +9 double sword of Integrity {freeze, Dex+2}
rCold   + . .      Faith    .   j - +0 kite shield {reflect}
rNeg    . . .      Spirit   .   d - +6 scale mail "Repli" {Rampage rF+ rC+}
rPois   +          Reflect  +   h - +0 mask of the Dragon {Will+ Slay+3 SInv}
rElec   +          Harm     .   r - +0 cloak
rCorr   +          Rampage  +   H - +2 pair of gloves "Rozorox" {Will+ Dex+3}
Will    ++++.                   x - +2 pair of boots
Stlth   ++........              T - amulet of regeneration
HPRegen 1.22/turn               I - ring "Nuezxis" {rElec Will+ Str+3 SInv}
MPRegen 0.18/turn               l - ring of Vastap {Contam rElec rPois rCorr Dex+2}

@: studying Evocations
A: horns 2, retaliatory headbutt, iridescent scales 1, clumsy 1
a: Renounce Religion, Heroism, Finesse, Duel


You were on level 3 of the Snake Pit.
You worshipped Okawaru.
Okawaru was exalted by your worship.
You visited 7 branches of the dungeon, and saw 32 of its levels.
You also visited: Bailey and Desolation.

You collected 4500 gold pieces.
You spent 2155 gold pieces at shops.

Inventory:

Hand Weapons
 a - the +9 double sword of Integrity (weapon) {freeze, Dex+2}
   (You acquired it in a bailey)

   It freezes those it strikes, dealing additional cold damage.
   It can also slow down cold-blooded creatures.
   Dex:       It affects your dexterity (+2).
 b - a +2 scimitar of flaming
 c - a +1 demon blade of electrocution
Armour
 d - the +6 scale mail "Repli" (worn) {Rampage rF+ rC+}
   (You found it on level 2 of the Dungeon)

   rF:        It protects you from fire.
   rC:        It protects you from cold.
   Rampage:   It bestows one free step when moving towards enemies.
 h - the +0 mask of the Dragon (worn) {Will+ Slay+3 SInv}
   (You bought it in a shop on level 8 of the Dungeon)

   Slay:      It affects your accuracy & damage with ranged weapons and melee
   (+3).
   SInv:      It lets you see invisible.
   Will:      It increases your willpower.
 j - a +0 kite shield of reflection (worn)
 r - a +0 cloak (worn)
 x - a +2 pair of boots (worn)
 G - the +2 hat "Maoch" {Regen+ Int+5}
   (Okawaru gifted it to you on level 3 of the Lair of Beasts)

   Int:       It affects your intelligence (+5).
   Regen:     It increases your rate of health regeneration.
 H - the +2 pair of gloves "Rozorox" (worn) {Will+ Dex+3}
   (Okawaru gifted it to you on level 3 of the Elven Halls)

   Dex:       It affects your dexterity (+3).
   Will:      It increases your willpower.
Jewellery
 l - the ring of Vastap (right hand) {Contam rElec rPois rCorr Dex+2}
   (You bought it in a shop on level 1 of the Snake Pit)

   [ring of resist corrosion]

   Dex:       It affects your dexterity (+2).
   rElec:     It insulates you from electricity.
   rPois:     It protects you from poison.
   Contam:    It causes magical contamination when unequipped.
   rCorr:     It protects you from acid and corrosion.
 v - a ring of poison resistance
 z - an amulet of reflection
 I - the ring "Nuezxis" (left hand) {rElec Will+ Str+3 SInv}
   (You bought it in a shop on level 2 of the Snake Pit)

   [ring of see invisible]

   Str:       It affects your strength (+3).
   rElec:     It insulates you from electricity.
   SInv:      It lets you see invisible.
   Will:      It increases your willpower.
 K - a ring of flight
 M - a ring of protection from fire
 T - an amulet of regeneration (around neck)
Wands
 o - a wand of roots (4)
 P - a wand of flame (8)
Scrolls
 f - 4 scrolls of immolation
 k - 18 scrolls of teleportation
 s - 10 scrolls of fear
 u - 4 scrolls of poison
 w - 5 scrolls of magic mapping
 C - a scroll of blinking
Potions
 e - 2 potions of berserk rage
 g - 3 potions of resistance
 i - 16 potions of curing
 m - a potion of magic
 n - 6 potions of might
 p - 5 potions of cancellation
 q - 2 potions of mutation
 t - 6 potions of haste
 A - 7 potions of invisibility
 B - a potion of flight
 D - a potion of brilliance
 L - 6 potions of heal wounds


   Skills:
 + Level 20.9 Fighting
 + Level 4.5(14.5) Short Blades
 + Level 22.7(22.9) Long Blades
 + Level 15.4 Armour
 + Level 13.0 Dodging
 + Level 4.4 Stealth
 + Level 20.9 Shields
 + Level 4.0 Invocations
 + Level 2.5 Evocations


You had 19 spell levels left.
You didn't know any spells.
Your spell library contained the following spells:

 Spells                   Type           Power      Damage    Failure   Level
 Apportation              Tloc           0%         N/A       75%         1
 Foxfire                  Conj/Fire      0%         2x1d4     75%         1
 Magic Dart               Conj           0%         1d3       75%         1
 Necrotise                Necr           0%         1d4       75%         1
 Sandblast                Erth           0%         2d4       75%         1
 Sting                    Tmut/Pois      0%         1d3       75%         1
 Passwall                 Tmut/Erth      0%         N/A       87%         2
 Poisonous Vapours        Pois/Air       0%         N/A       87%         2
 Searing Ray              Conj           0%         2d4       87%         2
 Sublimation of Blood     Necr           0%         N/A       87%         2
 Wereblood                Tmut           0%         N/A       87%         2
 Confusing Touch          Hex            0%         N/A       98%         3
 Conjure Flame            Conj/Fire      0%         6-21      98%         3
 Dazzling Flash           Conj/Hex       0%         N/A       98%         3
 Frozen Ramparts          Ice            0%         1d1       98%         3
 Gell's Gravitas          Tloc           0%         N/A       98%         3
 Inner Flame              Hex/Fire       0%         N/A       98%         3
 Lesser Beckoning         Tloc           0%         N/A       98%         3
 Portal Projectile        Hex/Tloc       0%         N/A       98%         3
 Stone Arrow              Conj/Erth      0%         3d7       98%         3
 Teleport Other           Tloc           0%         N/A       98%         3
 Airstrike                Air            0%         2d(0-16)  100%        4
 Anguish                  Hex/Necr       0%         N/A       100%        4
 Cause Fear               Hex            0%         N/A       100%        4
 Corpse Rot               Necr/Pois/Air  0%         N/A       100%        4
 Flame Wave               Conj/Fire      0%         2d4       100%        4
 Fulminant Prism          Conj/Hex       0%         3d6       100%        4
 Ice Form                 Ice/Tmut       0%         N/A       100%        4
 Iskenderun's Mystic Bla  Conj/Tloc      0%         2d3       100%        4
 Leda's Liquefaction      Hex/Erth       0%         N/A       100%        4
 Olgreb's Toxic Radiance  Pois           0%         N/A       100%        4
 Passage of Golubria      Tloc           0%         N/A       100%        4
 Petrify                  Tmut/Erth      0%         N/A       100%        4
 Sticky Flame             Conj/Fire      0%         2d3       100%        4
 Agony                    Necr           0%         N/A       100%        5
 Alistair's Intoxication  Tmut/Pois      0%         N/A       100%        5
 Blade Hands              Tmut           0%         N/A       100%        5
 Fireball                 Conj/Fire      0%         3d3       100%        5
 Freezing Cloud           Conj/Ice/Air   0%         6-21      100%        5
 Lee's Rapid Deconstruct  Erth           0%         3d5*      100%        5
 Lightning Bolt           Conj/Air       0%         1d11      100%        5
 Metabolic Englaciation   Hex/Ice        0%         N/A       100%        5
 Silence                  Hex/Air        0%         N/A       100%        5
 Yara's Violent Unravell  Hex/Tmut       0%         3d3       100%        5
 Eringya's Noxious Bog    Tmut/Pois      0%         N/A       100%        6
 Statue Form              Tmut/Erth      0%         N/A       100%        6
 Dragon Form              Tmut           0%         N/A       100%        7
 Enfeeble                 Hex            0%         N/A       100%        7
 Disjunction              Tloc           0%         N/A       100%        8
 Lehudib's Crystal Spear  Conj/Erth      0%         10d2      100%        8
 Necromutation            Tmut/Necr      0%         N/A       100%        8
 Fire Storm               Conj/Fire      0%         5d1       100%        9
 Polar Vortex             Ice            0%         N/A       100%        9
 Summon Small Mammal      Summ           Unusable   N/A       N/A         1
 Call Canine Familiar     Summ           Unusable   N/A       N/A         3
 Tukima's Dance           Hex            Unusable   N/A       N/A         3
 Animate Armour           Summ/Erth      Unusable   N/A       N/A         4
 Summon Ice Beast         Ice/Summ       Unusable   N/A       N/A         4
 Summon Lightning Spire   Summ/Air       Unusable   N/A       N/A         4
 Simulacrum               Ice/Necr       Unusable   N/A       N/A         6
 Summon Hydra             Summ           Unusable   N/A       N/A         7
 Dragon's Call            Summ           Unusable   N/A       N/A         9

Dungeon Overview and Level Annotations

Branches:
Dungeon (15/15)            Temple (1/1) D:6            Lair (5/5) D:10
 Shoals (2/4) Lair:3        Snake (4/4) Lair:2        Slime (0/5) Lair:5
    Orc (2/2) D:12            Elf (3/3) Orc:2        Vaults (0/5) D:14
 Depths (0/4) D:15         Bailey (visited)         Desolation (visited)

Altars:
Ashenzari
Cheibriados
Elyvilon
Fedhas
Gozag
Hepliaklqana
Makhleb
Nemelex Xobeh
Okawaru
Qazlal
Ru
Trog
Uskayaw
Vehumet
Xom
Yredelemnul
Zin
The Shining One
Jiyva

Shops:
D:3 !   D:8 [   D:9 =   Orc:1 [   Orc:2 =*?[(   Elf:1 ?   Snake:1 (*?[=
Snake:2 *=

Annotations:
D:11 Casa
Elf:2 5 runed translucent doors


Innate Abilities, Weirdness & Mutations

You have a pair of horns on your head.
You reflexively headbutt those who attack you in melee.
You are partially covered in iridescent scales. (AC +2)
You are clumsy. (Dex -2)


Message History

As you read the scroll of blinking, it crumbles to dust.
The salamander no longer looks unusually strong.
The naga warrior spits poison at you.
Your +0 kite shield of reflection reflects the splash of poison!
The splash of poison misses the naga warrior.
The salamander mystic gestures at the naga warrior while chanting.
The naga warrior seems to speed up.
You block the anaconda's attack. x2
The naga warrior roars a battlecry!
The nagas go into a battle-frenzy!
The anaconda closely misses you. You furiously retaliate!
You headbutt the anaconda! You block the anaconda's attack.
You slice the anaconda!! You freeze the anaconda!
The anaconda is severely wounded.
The salamander no longer looks unusually strong.
You block the anaconda's attack. x2
Unknown command.
You slash the anaconda!
The anaconda seems to slow down.
You freeze the anaconda. Your headbutt misses the anaconda.
The anaconda is almost dead.
The naga warrior roars a battlecry!
The nagas go into a battle-frenzy!
You block the anaconda's attack. x2
The salamander hits you from afar with a +0 spear!
* * * LOW HITPOINT WARNING * * *
You are engulfed in flames!
You resist.
* * * LOW HITPOINT WARNING * * *
The salamander wields a +0 shortbow of flaming.
It bursts into flame!
The salamander shoots an arrow.
You reflect the arrow off your +0 kite shield of reflection!
The arrow hits the salamander!
You slash the anaconda! You freeze the anaconda.
You kill the anaconda!
Okawaru accepts your kill. You block the salamander's attack.
Your Dodging skill increases to level 13!
Unknown command.
The salamander hits you from afar with a +0 spear!!
* * * LOW HITPOINT WARNING * * *
You are engulfed in flames.
You resist.
You die...

....................##....#####..
#...##.....#........###......##..
##.........#......##.............
..................##.....^...###.
...#.##.......[...##.........# #.
#).>.##)>.#...#.......#......###.
#...#####...#.#.###...##...#.....
....## #...#.#........##.#....##
.....####...#.N.@.......#.#....#
.....?.#....N..#..?...#........#
...###....##...#######.........#
......#....NN####### #......#####
..###ยง....#........###.).##.....#
#.........###.##......)####......
...##.....###......#)[<..........
...##...#...#....#####)........#.
...##...#...#....## #......#####


You could see a naga warrior (fast, strong) and 3 salamanders.

Vanquished Creatures
  Rupert (D:13)
  Jorgrun (Snake:1)
  A deep elf blademaster (Elf:2)
  A titan (Shoals:2)
  Mlioglotl (Snake:1)
  Frances (D:13)
  2 deep elf master archers (Elf:3)
  Gastronok (Lair:1)
  Kirke (Snake:3)
  Donald (Shoals:1)
  3 orc warlords
  Roxanne (Snake:1)
  Aizul (Snake:1)
  5 deep elf sorcerers
  An imperial myrmidon (Desolation)
  Louise (Snake:1)
  2 deep elf elementalists (Elf:3)
  A stone giant (D:13)
  Nessos (D:13)
  3 deep elf demonologists
  8 deep elf annihilators
  4 halazid warlocks (Desolation)
  2 crystal guardians (Desolation)
  An ettin (Orc:1)
  Josephine (D:13)
  5 deep elf death magi
  A fire dragon (D:12)
  A merfolk javelineer (Shoals:1)
  5 deep elf high priests (Elf:3)
  2 merfolk impalers (Shoals:2)
  5 ragged hierophants (Desolation)
  4 servants of whispers
  8 boulder beetles
  A great orb of eyes (D:13)
  A rakshasa (D:12)
  4 peacekeepers (Desolation)
  A salamander tyrant (Snake:2)
  9 hydras
  2 anacondas
  15 two-headed ogres
  2 ogre magi
  A merfolk aquamancer (Shoals:2)
  5 centaur warriors
  3 merfolk avatars
  10 naga warriors
  5 catoblepae
  12 dancing weapons
  21 death yaks
  A vampire mage (D:15)
  2 tengu warriors (D:15)
  A satyr (Shoals:2)
  5 orc high priests
  4 shock serpents
  6 naga sharpshooters
  8 deep elf knights
  Sonja (D:11)
  4 skeletal warriors
  A spark wasp zombie (D:15)
  2 salamander mystics (Snake:4)
  3 sea snakes
  8 deep elf archers
  2 wizards
  2 lindwurms
  3 ironbound convokers (Desolation)
  6 mana vipers
  7 naga ritualists
  A frost giant zombie (D:15)
  2 necromancers
  39 deep elf zephyrmancers
  7 harpies
  4 ugly things
  6 fauns
  33 deep elf pyromancers
  4 orc sorcerers
  A shining eye (shapeshifter) (D:13)
  13 cyclopes
  13 salamanders
  2 oklob plants (Lair:4)
  A salamander (shapeshifter) (D:14)
  2 slime creatures
  A fire giant zombie (D:15)
  40 black mambas
  11 naga magi
  11 manticores
  A torpor snail (Lair:2)
  Joseph (D:9)
  3 molten gargoyles (Desolation)
  7 water nymphs
  7 guardian serpents
  Maggie (D:6)
  7 cane toads
  3 unseen horrors
  3 rime drakes
  A komodo dragon (shapeshifter) (D:13)
  A yaktaur (D:12)
  4 kobold demonologists
  A tengu conjurer (D:12)
  6 komodo dragons
  2 freezing wraiths
  7 trolls
  4 wind drakes
  3 polar bears
  Prince Ribbit (D:6)
  32 saltlings
  A blink frog (shapeshifter) (D:12)
  12 merfolk
  11 dream sheep (Lair:3)
  20 blink frogs
  A spriggan zombie (D:15)
  3 snapping turtles
  A centaur simulacrum (D:14)
  3 air elementals
  53 yaks
  Sigmund (D:2)
  A shadow (D:13)
  5 water elementals
  6 humans (Snake:3)
  2 vampires (D:12)
  6 wyverns
  8 wraiths
  A basilisk (D:14)
  A fire elemental (Elf:1)
  4 steam dragons
  14 vampire mosquitoes
  Menkaure (D:6)
  A warg (shapeshifter) (Elf:1)
  Edmund (D:5)
  42 nagas
  19 water moccasins
  7 wargs
  2 ice beasts
  An ice beast (shapeshifter) (D:13)
  A sky beast (D:8)
  54 orc warriors
  3 boggarts (D:14)
  6 ogres
  44 wolves
  A phantom (D:5)
  19 centaurs
  2 kobold brigands
  4 earth elementals
  12 bullfrogs
  3 gnoll sergeants
  3 scorpions
  7 wights
  16 killer bees
  4 howler monkeys
  2 electric eels (Lair:5)
  20 orc priests
  5 hounds
  A gnoll bouda (D:8)
  2 iguanas
  26 orc wizards
  4 hell rats (Lair:3)
  Robin (D:3)
  14 gnolls
  3 adders
  A shadow imp (D:7)
  A white imp (D:5)
  An ufetubus (D:6)
  3 dart slugs
  148 orcs
  8 ball pythons
  4 bats
  4 endoplasms
  3 giant cockroaches
  15 goblins
  10 hobgoblins
  11 kobolds
  A quokka (D:4)
  4 frilled lizards
  8 rats
1228 creatures vanquished.

Vanquished Creatures (others)
  A dancing weapon (Elf:1)
  A deep elf pyromancer (Elf:2)
  3 deep elf zephyrmancers
  2 saltlings (Desolation)
  An orc warrior (Elf:2)
  An orc wizard (Orc:2)
  An orc (Elf:3)
  9 fungi
  68 plants
  4 starspawn tentacles (Snake:1)
  4 withered plants (D:15)
95 creatures vanquished.

Grand Total: 1323 creatures vanquished

Notes
Turn   | Place    | Note
-------+----------+-------------------------------------------
     0 | D:1      | Peloso the Minotaur Fighter began the quest for the Orb.
     0 | D:1      | Reached XP level 1. HP: 19/19 MP: 0/0
   335 | D:1      | Reached XP level 2. HP: 24/27 MP: 1/1
  1022 | D:2      | Found a faded altar of an unknown god.
  1032 | D:2      | Identified the +6 scale mail "Repli" {Rampage rF+ rC+}
  1185 | D:2      | Noticed Sigmund
  1464 | D:3      | Found Vaor's Distillery.
  1529 | D:3      | Reached skill level 3 in Long Blades
  1529 | D:3      | Reached XP level 3. HP: 24/33 MP: 2/2
  1792 | D:3      | Noticed Robin
  1842 | D:3      | Killed Robin
  2002 | D:3      | Reached skill level 4 in Long Blades
  2353 | D:4      | Reached XP level 4. HP: 40/40 MP: 3/3
  2824 | D:4      | Reached skill level 1 in Dodging
  2851 | D:4      | Noticed a scorpion
  2857 | D:4      | Killed a scorpion
  2858 | D:4      | Reached XP level 5. HP: 43/46 MP: 4/4
  3283 | D:4      | Reached skill level 5 in Long Blades
  3283 | D:4      | Reached skill level 5 in Armour
  3328 | D:4      | Reached XP level 6. HP: 53/53 MP: 5/5
  3384 | D:4      | Found a shimmering altar of Xom.
  4044 | D:3      | Bought a potion of mutation for 80 gold pieces
  4044 | D:3      | Bought a potion of curing for 30 gold pieces
  4074 | D:2      | Killed Sigmund
  4694 | D:5      | Entered Level 5 of the Dungeon
  4704 | D:5      | Reached skill level 6 in Long Blades
  4704 | D:5      | Reached XP level 7. HP: 45/60 MP: 6/6
  4705 | D:5      | Got the Writings on the Damaging Swarm
  4866 | D:5      | Reached skill level 5 in Fighting
  4866 | D:5      | Reached skill level 1 in Stealth
  4868 | D:5      | Noticed Edmund
  4884 | D:5      | Killed Edmund
  4885 | D:5      | Reached skill level 7 in Long Blades
  5233 | D:5      | Found a broken altar of Ashenzari.
  5360 | D:5      | Found a sparkling altar of Nemelex Xobeh.
  5386 | D:5      | Identified the +9 short sword of Luxury {freeze, +Blink}
  5435 | D:5      | Reached skill level 5 in Shields
  5602 | D:6      | Noticed a steam dragon
  5619 | D:5      | Reached XP level 8. HP: 63/69 MP: 7/7
  5653 | D:5      | Reached skill level 8 in Long Blades
  5685 | D:6      | Reached skill level 1 in Short Blades
  5743 | D:6      | Noticed Menkaure
  6232 | D:6      | Killed Menkaure
  6233 | D:6      | Reached skill level 9 in Long Blades
  6410 | D:6      | Noticed Maggie
  6423 | D:6      | Killed Maggie
  6424 | D:6      | Reached XP level 9. HP: 58/75 MP: 8/8
  6569 | D:6      | Found a staircase to the Ecumenical Temple.
  6574 | Temple   | Entered the Ecumenical Temple
  6581 | Temple   | Became a worshipper of Warmaster Okawaru
  6635 | D:6      | Noticed Prince Ribbit
  6650 | D:6      | Killed Prince Ribbit
  7275 | D:7      | Found a flagged portal.
  7353 | Bailey   | Entered a bailey
  7389 | Bailey   | Reached * piety under Okawaru
  7817 | Bailey   | Reached skill level 10 in Long Blades
  7845 | Bailey   | Identified a scroll of acquirement
  7846 | Bailey   | Acquired the +9 double sword of Integrity {freeze, Dex+2}
  8052 | Bailey   | Reached ** piety under Okawaru
  8280 | Bailey   | Reached XP level 10. HP: 81/86 MP: 9/9
  8338 | Bailey   | Reached skill level 11 in Long Blades
  8372 | Bailey   | Reached skill level 1 in Evocations
  8802 | D:7      | Reached skill level 5 in Dodging
  9078 | D:8      | Reached *** piety under Okawaru
  9782 | D:8      | Reached skill level 12 in Long Blades
  9814 | D:8      | Found Itoamis's Antique Armour Shop.
 10559 | D:9      | Noticed a two-headed ogre
 10574 | D:9      | Killed a two-headed ogre
 10574 | D:9      | Reached **** piety under Okawaru
 10683 | D:9      | Noticed Joseph
 10690 | D:9      | Killed Joseph
 10691 | D:9      | Reached XP level 11. HP: 94/95 MP: 10/10
 10966 | D:9      | Found Oczuetey's Jewellery Shoppe.
 11281 | D:10     | Entered Level 10 of the Dungeon
 11284 | D:10     | Reached skill level 13 in Long Blades
 11298 | D:10     | Got Qicvayratz's Compendium of Sweltering Toxins
 11372 | D:10     | Found a staircase to the Lair.
 11551 | D:10     | Noticed a centaur warrior
 11575 | D:10     | Killed a centaur warrior
 11575 | D:10     | Reached ***** piety under Okawaru
 11575 | D:10     | Received a gift from Okawaru
 11764 | D:10     | Found a stormy altar of Qazlal.
 11764 | D:10     | Found a white marble altar of Elyvilon.
 11766 | D:10     | Found a blossoming altar of Fedhas.
 11769 | D:10     | Found a hazy altar of Hepliaklqana.
 12004 | D:11     | Noticed a two-headed ogre
 12015 | D:10     | Killed a two-headed ogre
 12016 | D:10     | Reached skill level 14 in Long Blades
 12024 | D:11     | Received a gift from Okawaru
 12210 | D:11     | Noticed a boulder beetle
 12230 | D:11     | Killed a boulder beetle
 12521 | D:11     | Noticed Sonja
 12525 | D:11     | Killed Sonja
 12526 | D:11     | Reached skill level 15 in Long Blades
 12771 | Lair:1   | Entered Level 1 of the Lair of Beasts
 12844 | Lair:1   | Reached skill level 10 in Fighting
 12918 | Lair:1   | Noticed Gastronok
 12934 | Lair:1   | Killed Gastronok
 12935 | Lair:1   | Reached XP level 12. HP: 106/106 MP: 9/11
 13322 | Lair:2   | Found a staircase to the Snake Pit.
 13390 | Lair:2   | Received a gift from Okawaru
 13476 | Lair:2   | Reached skill level 16 in Long Blades
 13501 | Lair:2   | Reached ****** piety under Okawaru
 13553 | Lair:2   | Reached skill level 10 in Armour
 13817 | Lair:2   | Received a gift from Okawaru
 13822 | Lair:2   | Noticed a death yak
 13825 | Lair:2   | Noticed a death yak
 13850 | Lair:2   | Killed a death yak
 13851 | Lair:2   | Killed a death yak
 14546 | D:8      | Bought the +0 mask of the Dragon {Will+ Slay+3 SInv} for
                  | 901 gold pieces
 14546 | D:8      | Found the +0 mask of the Dragon {Will+ Slay+3 SInv}
 14677 | Lair:3   | Noticed an eight-headed hydra
 14683 | Lair:3   | Killed a five-headed hydra
 14689 | Lair:3   | Reached skill level 17 in Long Blades
 14712 | Lair:3   | Noticed a six-headed hydra
 14723 | Lair:3   | Killed a one-headed hydra
 14780 | Lair:3   | Noticed a catoblepas
 14780 | Lair:3   | Noticed a seven-headed hydra
 14790 | Lair:3   | Killed a catoblepas
 14791 | Lair:3   | Reached XP level 13. HP: 94/118 MP: 12/12
 14925 | Lair:3   | Identified the +4 rapier "Haklauth" {vorpal, rF+ Str+3}
                  | (Okawaru gifted it to you on level 3 of the Lair of Beasts)
 14925 | Lair:3   | Received a gift from Okawaru
 15062 | Lair:3   | Reached skill level 10 in Shields
 15307 | Lair:3   | Found a staircase to the Shoals.
 15347 | Lair:3   | Identified the +2 hat "Maoch" {Regen+ Int+5} (Okawaru
                  | gifted it to you on level 3 of the Lair of Beasts)
 15347 | Lair:3   | Received a gift from Okawaru
 15828 | D:12     | Noticed a fire dragon
 15840 | D:12     | Killed a fire dragon
 15922 | D:12     | Reached skill level 18 in Long Blades
 15936 | D:12     | Reached XP level 14. HP: 74/130 MP: 11/13
 15942 | D:12     | Identified the +3 longbow of Voracious Punishment {flame,
                  | rPois rC- Stlth+}
 15957 | D:12     | You fall into a shaft and drop 1 floor!
 16126 | D:12     | Identified the +0 robe of Compression {Drain Regen+ rCorr
                  | Str-5} (Okawaru gifted it to you on level 12 of the
                  | Dungeon)
 16126 | D:12     | Received a gift from Okawaru
 16513 | D:12     | Found a staircase to the Orcish Mines.
 16963 | Orc:1    | Entered Level 1 of the Orcish Mines
 17083 | Orc:1    | Found Vedwoim's Antique Armour Shop.
 17262 | Orc:1    | Noticed an orc warlord
 17262 | Orc:1    | Noticed an orc warlord
 17457 | Orc:1    | Killed an orc warlord
 17676 | Orc:1    | Killed an orc warlord
 17677 | Orc:1    | Reached skill level 1 in Invocations
 17936 | Orc:2    | Entered Level 2 of the Orcish Mines
 17973 | Orc:2    | Gained mutation: You occasionally shout uncontrollably at
                  | your foes. [a neqoxec]
 18279 | Orc:2    | Found Giur's Jewellery Boutique.
 18407 | Orc:2    | Found Boas's General Store.
 18429 | Orc:2    | Bought a scroll of magic mapping for 75 gold pieces
 18612 | Orc:2    | Found a staircase to the Elven Halls.
 18644 | Orc:2    | Noticed an orc warlord
 18701 | Orc:2    | Killed an orc warlord
 18861 | Orc:2    | Received a gift from Okawaru
 18862 | Orc:2    | Reached skill level 15 in Fighting
 18885 | Orc:2    | Found Docaghoc's Magic Scroll Shop.
 18946 | Orc:2    | Found Funodd's Antique Armour Shop.
 18952 | Orc:2    | Reached skill level 19 in Long Blades
 18958 | Orc:2    | Found Ziawkan's Antique Weapon Boutique.
 19374 | D:13     | Noticed Nessos
 19390 | D:13     | Killed Nessos
 19636 | D:13     | Noticed a stone giant
 19647 | D:13     | Killed a stone giant
 19656 | D:13     | Noticed Rupert
 19677 | D:13     | Killed Rupert
 19677 | D:13     | Received a gift from Okawaru
 19682 | D:13     | Reached XP level 15. HP: 112/141 MP: 0/14
 19754 | D:13     | Gained mutation: You are frail. (-10% HP) [a shining eye]
 19809 | D:13     | Noticed Josephine
 19814 | D:13     | Killed Josephine
 19852 | D:13     | Noticed Frances
 19862 | D:13     | Killed Frances
 20451 | D:11     | Lost mutation: You occasionally shout uncontrollably at
                  | your foes. [potion of mutation]
 20451 | D:11     | Lost mutation: You are frail. (-10% HP) [potion of
                  | mutation]
 20451 | D:11     | Gained mutation: You do not regenerate when monsters are
                  | visible. [potion of mutation]
 20451 | D:11     | Gained mutation: You expend magic power (3 MP) to
                  | strengthen your wands. [potion of mutation]
 20451 | D:11     | Gained mutation: You have very sharp teeth. [potion of
                  | mutation]
 20452 | D:11     | Lost mutation: You do not regenerate when monsters are
                  | visible. [potion of mutation]
 20452 | D:11     | Lost mutation: You expend magic power (3 MP) to strengthen
                  | your wands. [potion of mutation]
 20452 | D:11     | Lost mutation: You have very sharp teeth. [potion of
                  | mutation]
 20452 | D:11     | Gained mutation: You are clumsy. (Dex -2) [potion of
                  | mutation]
 20452 | D:11     | Gained mutation: You are partially covered in iridescent
                  | scales. (AC +2) [potion of mutation]
 20594 | D:14     | Identified the +0 robe of Complete Protection {Dex+4}
                  | (Okawaru gifted it to you on level 14 of the Dungeon)
 20594 | D:14     | Received a gift from Okawaru
 20819 | D:14     | Found a gate to the Vaults.
 21227 | D:15     | Entered Level 15 of the Dungeon
 21390 | D:15     | Got the Grimoire of Geology and Bolts
 21422 | D:15     | Reached skill level 20 in Long Blades
 21576 | D:15     | Found a staircase to the Depths.
 21725 | D:15     | Got the Precepts of the Tesseract and Transmogrification
 22483 | Lair:4   | Found a blossoming altar of Fedhas.
 22822 | Lair:5   | Entered Level 5 of the Lair of Beasts
 22834 | Lair:5   | Identified the +1 great sword of Generosity {drain,
                  | *Corrode Will+ Int+2 Dex+3} (Okawaru gifted it to you on
                  | level 5 of the Lair of Beasts)
 22834 | Lair:5   | Received a gift from Okawaru
 23078 | Lair:5   | Reached XP level 16. HP: 144/154 MP: 15/15
 23288 | Lair:5   | Reached skill level 10 in Dodging
 23480 | Lair:5   | Identified the +2 pair of gloves of Magic {SInv} (Okawaru
                  | gifted it to you on level 5 of the Lair of Beasts)
 23480 | Lair:5   | Received a gift from Okawaru
 23504 | Lair:5   | Reached skill level 15 in Shields
 23910 | Lair:5   | Found a staircase to the Slime Pits.
 23910 | Lair:5   | Found a viscous altar of Jiyva.
 24596 | Snake:1  | Entered Level 1 of the Snake Pit
 24596 | Snake:1  | Noticed Jorgrun
 24609 | Snake:1  | Killed Jorgrun
 24694 | Snake:1  | Noticed Louise
 24711 | Snake:1  | Killed Louise
 24732 | Snake:1  | Found Tyhaf's Magic Scroll Emporium.
 24865 | Snake:1  | Found Ojiliema's Assorted Antiques.
 24865 | Snake:1  | Noticed Aizul
 24884 | Snake:1  | Killed Aizul
 24888 | Snake:1  | Found Wujiroc's Jewellery Shop.
 24893 | Snake:1  | Found Wuhaepp's Weapon Boutique.
 24893 | Snake:1  | Found Loegunan's Armour Emporium.
 25142 | Snake:1  | Found an opulent altar of Gozag.
 25142 | Snake:1  | Noticed Mlioglotl
 25146 | Snake:1  | Noticed a tentacled starspawn
 25159 | Snake:1  | Killed Mlioglotl
 25315 | Snake:1  | Identified Roxanne's Incunable of Transmogrification
 25315 | Snake:1  | Noticed Roxanne
 25341 | Snake:1  | Killed Roxanne
 25941 | Snake:1  | Bought the ring of Vastap {Contam rElec rPois rCorr Dex+2}
                  | for 478 gold pieces
 26096 | Snake:2  | Received a gift from Okawaru
 26131 | Snake:2  | Found Ruludd's Jewellery Boutique.
 26131 | Snake:2  | Found Huleun's General Store.
 26139 | Snake:2  | Bought the ring "Nuezxis" {rElec Will+ Str+3 SInv} for 449
                  | gold pieces
 27600 | Elf:1    | Entered Level 1 of the Elven Halls
 27626 | Elf:1    | Found Vauvi's Magic Scroll Emporium.
 27638 | Elf:1    | Reached skill level 21 in Long Blades
 27657 | Elf:1    | Bought a scroll of blinking for 142 gold pieces
 27699 | Elf:1    | Reached XP level 17. HP: 135/163 MP: 17/17
 27706 | Elf:1    | Found a crumbling gateway.
 27765 | Desolati | Entered the Desolation of Salt
 27766 | Desolati | Reached XP level 18. HP: 160/173 MP: 18/18
 27767 | Desolati | Reached XP level 19. HP: 168/180 MP: 18/20
 27855 | Desolati | Identified the +3 scale mail of Servitude {SInv}
 28120 | Desolati | Received a gift from Okawaru
 28180 | Desolati | Identified the +9 flail "Puivvy" {vorpal, Str+4}
 28182 | Desolati | Identified the +1 longbow of the Real Monster {venom, Fly
                  | rF+ rC+ Int+3}
 28185 | Desolati | Identified the +2 leather armour of Compression {Fly Int+3}
 28424 | Desolati | Identified the +8 battleaxe "Biceh" {venom, rC++ Int+7
                  | Stlth+}
 28426 | Desolati | Identified the +5 hand axe of Citrira {vamp, Str+3 Int+4}
 28431 | Desolati | Identified the +9 plate armour of Imperfection {rElec}
 28936 | Elf:1    | Paralysed by an air elemental for 1 turns
 29128 | Elf:1    | Received a gift from Okawaru
 29573 | Elf:1    | Received a gift from Okawaru
 29870 | Elf:2    | Found a huge runed translucent gate.
 29871 | Elf:2    | Found a huge runed translucent gate.
 29871 | Elf:2    | Found a huge runed translucent gate.
 29872 | Elf:2    | Found a huge runed translucent gate.
 29872 | Elf:2    | Found a huge runed translucent gate.
 30580 | Elf:3    | Entered Level 3 of the Elven Halls
 30583 | Elf:3    | Identified the +6 scale mail of the Okapi {Contam Harm
                  | rElec rPois} (Okawaru gifted it to you on level 3 of the
                  | Elven Halls)
 30583 | Elf:3    | Received a gift from Okawaru
 30598 | Elf:2    | Found a radiant altar of Vehumet.
 31093 | Shoals:1 | Entered Level 1 of the Shoals
 31093 | Shoals:1 | Noticed Donald
 31107 | Shoals:1 | Killed Donald
 31495 | Shoals:1 | Got the Encyclopedia of the Final Beds
 31864 | Shoals:2 | Found a white marble altar of Elyvilon.
 32332 | Shoals:1 | Reached skill level 22 in Long Blades
 32818 | Shoals:2 | Reached XP level 20. HP: 193/193 MP: 18/21
 33182 | Shoals:2 | Identified the +7 short sword "Beast's Undoing" {vorpal,
                  | rElec Int-3 SInv}
 35195 | Elf:3    | Identified the +2 robe "Sosmaul" {Regen+ Archmagi}
 35220 | Elf:3    | Received a gift from Okawaru
 35497 | Elf:3    | Reached skill level 15 in Armour
 36302 | Elf:3    | Identified the +2 pair of gloves "Rozorox" {Will+ Dex+3}
                  | (Okawaru gifted it to you on level 3 of the Elven Halls)
 36302 | Elf:3    | Received a gift from Okawaru
 36441 | Elf:3    | Identified the +3 halberd "Vegualao" {protect, *Noise Int+3
                  | Stlth+}
 36441 | Elf:3    | Identified the ring of Ygoagujo {rF+ MP+9 Str+6 Int-3 SInv}
 36632 | Elf:3    | Identified the +1 long sword "Godimi" {flame, rC+ Will+
                  | Int+2 Stlth+}
 37249 | Elf:3    | Identified the ring "Vixzon" {Wiz Int+4}
 37919 | Snake:3  | Noticed Kirke
 37928 | Snake:3  | Killed Kirke
 38382 | Snake:4  | Entered Level 4 of the Snake Pit
 39000 | Snake:3  | HP: 3/195 [salamander/+0 spear (20)]
 39000 | Snake:3  | Slain by a salamander

Illustrated notes

Levels and vault maps discovered:
D:1:      evilmike_arrival_crescent, layout_loops_corners, minmay_misc_feat_iff,
          minmay_tetromino_l2
D:2:      layout_basic, hellmonk_ecumenical_altar_crossroads, uniq_sigmund
D:3:      layout_basic, serial_shops, shop, uniq_robin, uniq_crazy_yiuf_cottage
D:4:      layout_layer_cave, mainiacjoe_overflow_six_doors_small
D:5:      layout_rooms, cheibrodos_ashenzari_chains,
          nicolae_overflow_crystal_walls, uniq_edmund
D:6:      layout_cave_pods, temple_doors_cd, uniq_menkaure, uniq_maggie,
          uniq_prince_ribbit1
D:7:      layout_basic, enter_bailey_5, minmay_misc_feat_square
D:8:      cheibrodos_quashed, layout_layer_cave, serial_shops,
          nicolae_square_shop, chequers_arboretum, minmay_manual_mares
D:9:      layout_stronghold, serial_shops, shop, serial_bayou,
          serial_bayou_crossing, serial_bayou_shore_b, serial_bayou_pond_e,
          serial_bayou_pond_d, amcnicky_mini_pool_small, uniq_joseph
D:10:     layout_gridville, minitemple, lair_entry_dummy
D:11:     layout_long_grid, uniq_sonja
D:12:     minmay_the_grid_octo_tiled_squarecenter_mashed
          [minmay_the_grid_octo_teeth, minmay_the_grid_octo_fan_narrow,
          minmay_the_grid_octo_pinwheel, minmay_the_grid_octo_odd_swirl,
          minmay_the_grid_square_5x5_megaprize_diamond,
          minmay_the_grid_square_5x5_corner, minmay_the_grid_square_5x5_dogpile,
          minmay_the_grid_square_5x5_inverted_slash,
          minmay_the_grid_square_5x5_eight], layout_rooms,
          minmay_orc_entry_temple_small
D:13:     nzn_winding_woodlands_cross [nzn_winding_woodlands_5x15_sawtooth,
          nzn_winding_woodlands_5x15_jagged, nzn_winding_woodlands_5x15_parted,
          nzn_winding_woodlands_5x15_river_crossing,
          nzn_winding_woodlands_15x15_thick_spiral], layout_stronghold,
          hex_medium, uniq_josephine, uniq_frances, uniq_rupert, uniq_nessos
D:14:     layout_cross, david_vaults_1, grunt_decor_mini_mirrors,
          minmay_misc_feat_rows
D:15:     gammafunk_depths_entry_grave, layout_loops_cross,
          chequers_serial_rivers_marsh
Temple:   hellmonk_temple_two_chambers
Lair:1:   layout_misc_corridors, uniq_gastronok
Lair:2:   layout_regular_city, minmay_snake_entry_guardpost_small,
          small_statue_intersection, grunt_forest_large_clearings
Lair:3:   layout_gridlike, minmay_shoals_entry_hut, nzn_random_ring
Lair:4:   layout_gridlike, hangedman_tree_tricks
Lair:5:   evilmike_catoblepas_cave, layout_gridlike, slime_entry_1,
          serial_bayou_lagoon_a
Shoals:1: layout_shoals, uniq_donald
Shoals:2: cheibrodos_shoals_gigantism, layout_shoals, lemuel_altar_in_water
Snake:1:  layout_rooms, basic_altar, serial_shops, nicolae_lakefront_shop,
          nicolae_snake_serpentine_bazaar, grunt_megastairs_2, uniq_aizul,
          uniq_roxanne, uniq_louise, uniq_mlioglotl, uniq_jorgrun
Snake:2:  layout_grid_maze, minmay_shoptagon, grunt_megastairs_1
Snake:3:  layout_misc_corridors, uniq_kirke
Snake:4:  grunt_snake_rune_serpentine_throne, layout_grid_shapes, serial_bayou,
          serial_bayou_pond_e, serial_bayou_shore_b, serial_bayou_pond_e,
          serial_bayou_shore_b, serial_bayou_pond_e,
          nicolae_snake_gridmaze_waves, hangedman_snake_wide_pillar_pass
Orc:1:    cheibrodos_orc_arena, layout_diamond_mine, serial_shops,
          nicolae_shop_waterfront, nooodl_orcs_dogs
Orc:2:    grunt_orc_community_town_hall, layout_caves,
          grunt_orc_community_big_house_1, grunt_orc_community_big_house_1,
          grunt_orc_community_house_1, grunt_orc_community_house_3,
          grunt_orc_community_house_3, grunt_orc_community_house_3,
          serial_shops, nicolae_shop_crystal, mines2_david
Elf:1:    layout_gridlike, portal_desolation_entry_salt, serial_shops, shop,
          minmay_elf_sorcery, dk_noncrumbling_2
Elf:2:    elven_hall_of_blades_hangedman_alternative
          [nicolae_blade_entry_area_security], layout_loops_cross,
          nicolae_elf_glass_and_crystal_pillar_2, hangedman_corner_corridor,
          lemuel_upstairs_altar
Elf:3:    minmay_elf_hall_spiked, layout_geoelf_diagonals

Skill      XL: |  1  2  3  4  5  6  7  8  9 10 11 12 13 14 15 16 17 18 19 20 |
---------------+-------------------------------------------------------------+-----
Armour         | 4 5 6 7 8 9 10 11 12 13 14 15 | 15.4
Fighting       | 4 5 6 7 8 10 12 13 15 16 18 19 20 | 20.9
Long Blades    | 3 4 5 6 7 9 10 12 15 17 18 19 20 21 22 | 22.7
Shields        | 4 5 6 7 8 9 11 12 14 16 17 19 20 | 20.9
Dodging        | 1 2 3 4 5 6 7 8 9 11 12 13 | 13.0
Stealth        | 1 2 3 4 |  4.4
Short Blades   | 2 4 |  4.5
Evocations     | 1 2 |  2.5
Invocations    | 1 2 3 4 |  4.0

Action                   |  1- 3 |  4- 6 |  7- 9 | 10-12 | 13-15 | 16-18 | 19-21 || total
-------------------------+-------+-------+-------+-------+-------+-------+-------++-------
Melee: Long sword        |    83 |   107 |    52 |       |       |       |       ||   242
       Headbutt          |    16 |    26 |    52 |    88 |   216 |   116 |   215 ||   729
       Short sword       |       |       |    90 |       |       |       |       ||    90
       Scimitar          |       |       |    97 |    14 |     8 |       |       ||   119
       Double sword      |       |       |    25 |   431 |   964 |   468 |  1021 ||  2909
Invok: Heroism           |       |       |       |     3 |     9 |     5 |    13 ||    30
Evoke: Wand              |       |       |     3 |     7 |     4 |       |     1 ||    15
  Use: Scroll            |     1 |       |     7 |     7 |     6 |     8 |     3 ||    32
       Potion            |       |       |     1 |     1 |     2 |     5 |     1 ||    10
 Stab: Paralysed         |       |       |       |     1 |       |       |       ||     1
       Sleeping          |       |       |       |       |     1 |       |     1 ||     2
       Petrified         |       |       |       |       |       |     6 |       ||     6
       Distracted        |       |       |       |       |       |       |     1 ||     1
Armor: Scale mail        |    63 |    56 |   129 |   188 |   299 |   132 |   299 ||  1166
       Plate armour      |       |       |       |       |       |       |    90 ||    90
Dodge: Dodged            |    42 |    59 |   159 |   269 |   493 |   187 |   539 ||  1748
Block: Buckler           |    21 |    19 |    97 |   164 |   174 |       |       ||   475
       Kite shield       |       |       |       |       |   334 |   132 |   592 ||  1058
       Tower shield      |       |       |       |       |       |   267 |   379 ||   646
       Reflection        |       |       |       |       |       |       |    65 ||    65
